 Dungeon Crawl Stone Soup version 0.31.0-32-g396128a36d (webtiles) character file.

Game seed: 9896150911407011507

1180 Logoto the Cleaver (level 8, -4/70 HPs)
             Began as a Minotaur Berserker on Apr 4, 2024.
             Was a Priest of Trog.
             Succumbed to a gnoll's poison
             ... on level 5 of the Dungeon.
             The game lasted 00:12:22 (6050 turns).

Logoto the Cleaver (Minotaur Berserker)             Turns: 6050, Time: 00:12:22

Health: -4/70      AC: 12    Str: 24    XL:     8   Next: 19%
Magic:  7/7        EV:  7    Int:  4    God:    Trog [***...]
Gold:   271        SH:  0    Dex: 10    Spells: 7/7 levels left

rFire   . . .        a - +1 hand axe
rCold   . . .        (no shield)
rNeg    . . .        n - +0 plate armour
rPois   .            (helmet restricted)
rElec   .            (no cloak)
rCorr   +            (no gloves)
SInv    .            (no boots)
Will    .....        (no amulet) Stlth
                     l - ring of resist corrosion
HPRegen 0.31/turn    (no ring)
MPRegen 0.10/turn

%: no passive effects
@: lethally poisoned (-4 -> -34), on berserk cooldown, slowed, very slow
A: horns 2, retaliatory headbutt
a: Renounce Religion, Berserk, Trog's Hand


You were on level 5 of the Dungeon.
You worshipped Trog.
Trog was most pleased with you.
You visited 1 branch of the dungeon, and saw 5 of its levels.

You collected 271 gold pieces.

Inventory:

Hand Weapons
 a - a +1 hand axe (weapon)
Missiles
 t - 4 javelins (quivered)
 x - 5 poisoned darts
Armour
 n - a +0 plate armour (worn)
 s - a +0 scale mail
Jewellery
 l - a ring of resist corrosion (left hand)
Wands
 C - a wand of digging (5)
Scrolls
 d - 3 scrolls of teleportation
 i - 2 scrolls of fear {unknown}
 j - 3 scrolls of silence
 k - 2 scrolls of enchant weapon
 m - 3 scrolls of immolation
 o - a scroll of enchant armour {unknown}
 u - a scroll of brand weapon {unknown}
 y - 2 scrolls of amnesia {unknown}
 z - a scroll of revelation {unknown}
 B - a scroll of noise {unknown}
Potions
 b - 2 potions of lignification {unknown}
 c - 3 potions of curing
 e - 2 potions of attraction {unknown}
 f - 4 potions of cancellation
 g - a potion of heal wounds {unknown}
 h - 2 potions of ambrosia {unknown}
 q - 2 potions of enlightenment {unknown}
 v - 2 potions of might {unknown}
 w - a potion of haste {unknown}
 A - 2 potions of berserk rage {unknown}
 D - a potion of mutation {unknown}


   Skills:
 * Level 5.9 Fighting
 * Level 9.1 Axes
 + Level 1.8 Throwing
 * Level 6.1 Armour
 + Level 2.9 Dodging
 + Level 0.7 Stealth


You had 7 spell levels left.
You didn't know any spells.
Your spell library was empty.

Dungeon Overview and Level Annotations

Branches:
Dungeon (5/15)
 Temple: D:4-7

Altars:
Hepliaklqana
Okawaru
Xom

Shops:
D:1 ?


Innate Abilities, Weirdness & Mutations

You have a pair of horns on your head.
You reflexively headbutt those who attack you in melee.


Message History

Your Axes skill increases to level 9!
Your Armour skill increases to level 6!
You tear a large gash into the net.
The gnoll sergeant hits you from afar with a +0 heavy trident.
The gnoll hits you from afar with a +0 spear.
The gnoll hits you from afar with a +0 spear of venom.
You are more poisoned.
Unknown command.
You struggle against the net.
You feel a strong urge to attack something.
You feel sick.
You rip the net and break free!
You feel sick.
The gnoll sergeant hits you from afar with a +0 heavy trident.
The gnoll closely misses you. The gnoll barely misses you.
You feel your anger nearly subside.
You are no longer berserk.
You are exhausted.
You feel yourself slow down.
You feel sick. The gnoll hits you but does no damage.
You are more poisoned.
The gnoll hits you but does no damage.
You see here a +0 orcbow.
You feel very sick.
The gnoll sergeant hits you from afar with a +0 heavy trident.
The gnoll hits you from afar with a +0 spear.
The gnoll hits you but does no damage.
There is an open translucent door, spattered with blood here.
As you read the scroll of teleportation, it crumbles to dust.
You feel strangely unstable.
You feel very sick.
The gnoll sergeant hits you from afar with a +0 heavy trident.
* * * LOW HITPOINT WARNING * * *
The gnoll barely misses you.
The gnoll hits you from afar with a +0 spear of venom.
* * * LOW HITPOINT WARNING * * *
You are more poisoned.
The gnoll hits you from afar with a +0 spear of venom.
* * * LOW HITPOINT WARNING * * *
You are more poisoned.
The gnoll hits you but does no damage.
Your surroundings suddenly seem different.
You die...

..# #..## ##...#.~≈≈~. ..# #..#
##..#.~≈≈~. .## ##..#
##..#.~≈≈~. .## #...##
#####...#.~~~~. ..### ##....#
#.......#......
....######.....##
#..#....####'##
................####'#.#...##..#
...............###...####..##.##
...##.........##@..### #.....#
.#####........##...### ##..###
## ##......##..._#.# #..## #
##......#.#####Y# #...####
##.....'.##.#Y######..##..
##...######Z###.........#
##.....# ## #.....#####
####.#### #####.# #...#.## #.##


You could see a spectral ugly thing (wandering) and 2 yaks.

Vanquished Creatures
  Sigmund (D:3)
  An ice beast (D:5)
  An ogre (D:5)
  2 centaurs (D:5)
  A phantom (D:3)
  A scorpion (D:5)
  2 bombardier beetles
  A howler monkey (D:5)
  A hound (D:4)
  2 sleepcaps
  5 iguanas
  An orc wizard (D:4)
  2 gnolls (D:5)
  4 adders
  2 white imps (D:5)
  4 ufetubi (D:5)
  5 dart slugs
  5 ribbon worms
  7 orcs
  5 endoplasms
  4 giant cockroaches
  6 goblins
  12 hobgoblins
  6 jackals
  3 quokkas
  4 ball pythons
  5 bats
  3 frilled lizards
  5 kobolds
  7 rats
108 creatures vanquished.

Notes
Turn   | Place    | Note
-------+----------+-------------------------------------------
     0 | D:1      | Logoto the Minotaur Berserker began the quest for the Orb.
     0 | D:1      | Reached XP level 1. HP: 19/19 MP: 0/0
   515 | D:1      | Reached XP level 2. HP: 27/27 MP: 1/1
   542 | D:1      | Found Goha's Magic Scroll Boutique.
   553 | D:1      | Reached skill level 4 in Axes
   989 | D:2      | Found a faded altar of an unknown god.
  1083 | D:2      | Reached XP level 3. HP: 33/33 MP: 2/2
  1422 | D:2      | Reached ** piety under Trog
  2067 | D:3      | Reached skill level 5 in Axes
  2225 | D:3      | Reached XP level 4. HP: 41/41 MP: 3/3
  2243 | D:3      | Noticed a phantom
  2249 | D:3      | Killed a phantom
  2250 | D:3      | Reached XP level 5. HP: 47/47 MP: 4/4
  2316 | D:3      | Reached skill level 6 in Axes
  2556 | D:3      | Noticed Sigmund
  2584 | D:3      | Killed Sigmund
  2585 | D:3      | Reached skill level 5 in Fighting
  2585 | D:3      | Reached skill level 7 in Axes
  2585 | D:3      | Reached XP level 6. HP: 23/56 MP: 5/5
  3580 | D:4      | Reached XP level 7. HP: 61/61 MP: 6/6
  3882 | D:4      | Reached skill level 1 in Throwing
  4236 | D:5      | Entered Level 5 of the Dungeon
  4250 | D:5      | Reached *** piety under Trog
  4430 | D:5      | Reached skill level 8 in Axes
  4478 | D:5      | Reached skill level 5 in Armour
  4604 | D:5      | Found a hazy altar of Hepliaklqana.
  4608 | D:5      | Found a shimmering altar of Xom.
  4608 | D:5      | Noticed a yak
  4609 | D:5      | Noticed a spectral ugly thing
  4609 | D:5      | Noticed a yak
  4773 | D:5      | Found an iron altar of Okawaru.
  4773 | D:5      | Found a runed translucent door.
  4786 | D:5      | Found the +0 toga "Victory" {*Victory Clar}
  5115 | D:5      | Reached XP level 8. HP: 70/70 MP: 7/7
  6044 | D:5      | Reached skill level 9 in Axes
  6050 | D:5      | Succumbed to a gnoll's poison

Illustrated notes

Levels and vault maps discovered:
D:1:      lightli_arrival_quake, layout_basic, serial_shops, shop
D:2:      layout_loops_cross, nicolae_ecumenical_oubliette,
          minmay_pentomino_pile
D:3:      layout_basic, kennysheep_generic_room_5, uniq_sigmund
D:4:      layout_basic
D:5:      layout_layer_cave, regret_index_temple_of_mockery,
          nicolae_overflow_guarded_unrand_okawaru_victory, nrook_loot_triangle,
          nrook_pool_corridor, dk_noncrumbling_4, hex_tiny, st_stairs_13

Skill      XL: |  1  2  3  4  5  6  7  8 |
---------------+-------------------------+-----
Fighting       | 4 5 |  5.9
Axes           | 4 5 7 8 9 |  9.1
Armour         | 3 4 5 6 |  6.1
Throwing       | 1 |  1.8
Dodging        | |  2.9
Stealth        | |  0.7

Action                     |  1- 3 |  4- 6 |  7- 9 || total
---------------------------+-------+-------+-------++-------
  Melee: Hand axe          |    99 |    69 |    97 ||   265
         Headbutt          |    14 |    11 |    14 ||    39
         Punch             |       |     2 |     1 ||     3
  Throw: Javelin           |       |    13 |     8 ||    21
 Invoke: Berserk           |       |     3 |     6 ||     9
    Use: Scroll            |       |       |     8 ||     8
   Stab: Sleeping          |     1 |       |       ||     1
 Armour: Animal skin       |    27 |       |       ||    27
         Ring mail         |    16 |       |       ||    16
         Plate armour      |     3 |    42 |   124 ||   169
         Scale mail        |     2 |       |       ||     2
  Dodge: Dodged            |    51 |    25 |    56 ||   132
